 Dungeon Crawl Stone Soup version 0.31-a0-1074-g0b22e4e0f1 (webtiles) character file.

Game seed: 3453275975473423928

382 horus123 the Digger (level 7, -12/46 HPs)
             Began as a Human Earth Elementalist on Dec 2, 2023.
             Mangled by an orc
             ... wielding a +3 heavy mace
              (14 damage)
             ... on level 4 of the Dungeon.
             The game lasted 00:05:56 (3472 turns).

horus123 the Digger (Human Earth Elementalist)      Turns: 3472, Time: 00:05:57

Health: -12/46     AC:  6    Str:  9    XL:     7   Next: 5%
Magic:  0/11       EV: 12    Int: 17    God:
Gold:   155        SH:  0    Dex: 19    Spells: 4/12 levels left

rFire   . . .        s - +2 dagger (venom)
rCold   . . .        (no shield)
rNeg    . . .        a - +0 robe
rPois   +            (no helmet)
rElec   .            e - +0 cloak
rCorr   .            (no gloves)
SInv    .            C - +2 pair of boots
Will    .....        (no amulet)
Stlth   ++           k - ring of poison resistance
HPRegen 0.27/turn    g - +6 ring of dexterity
MPRegen 0.12/turn

%: no passive effects
@: no status effects
A: no striking features
a: no special abilities


You were on level 4 of the Dungeon.
You visited 1 branch of the dungeon, and saw 4 of its levels.

You collected 155 gold pieces.

Inventory:

Hand Weapons
 s - a +2 dagger of venom (weapon)
 u - a +0 falchion
 v - a +0 short sword of draining
Missiles
 n - 11 poisoned darts
Armour
 a - a +0 robe (worn)
 e - a +0 cloak (worn)
 C - a +2 pair of boots (worn)
Magical Staves
 d - a staff of poison
Jewellery
 c - a ring of fire
 g - a +6 ring of dexterity (right hand)
 i - a +6 ring of dexterity
 k - a ring of poison resistance (left hand)
 A - a ring of protection from cold
 B - a ring of resist corrosion
Scrolls
 h - 2 scrolls of teleportation {unknown}
 l - 3 scrolls of immolation {unknown}
 p - 2 scrolls of vulnerability {unknown}
 t - 3 scrolls of identify {unknown}
 w - 2 scrolls of poison {unknown}
 y - a scroll of blinking {unknown}
Potions
 b - a potion of magic
 f - a potion of curing {unknown}
 j - a potion of resistance {unknown}
 m - a potion of degeneration {unknown}
 o - a potion of lignification {unknown}
 q - a potion of cancellation {unknown}
 x - a potion of haste {unknown}
 z - a potion of attraction {unknown}


   Skills:
 - Level 2.0 Dodging
 - Level 2.0 Stealth
 - Level 3.0 Spellcasting
 + Level 4.7 Transmutations
 - Level 5.0 Earth Magic


You had 4 spell levels left.
You knew the following spells:

 Your Spells              Type           Power      Damage    Failure   Level
a - Sandblast             Erth           38%        2d10      2%          1
b - Stone Arrow           Conj/Erth      22%        3d8       19%         3
c - Petrify               Tmut/Erth      19%        N/A       24%         4

Your spell library contained the following spells:

 Spells                   Type           Power      Damage    Failure   Level
 Passwall                 Tmut/Erth      15%        N/A       3%          2
 Brom's Barrelling Bould  Conj/Erth      11%        2d3       52%         4


Dungeon Overview and Level Annotations

Branches:
Dungeon (4/15)
 Temple: D:4-7

Altars:
Zin


Message History

The orc's wounds heal themselves!
The orc hits you with a staff of air.
* * * LOW HITPOINT WARNING * * *
The orc barely misses you.
The orc priest calls down the wrath of Beogh upon you.
Pain shoots through your body!
* * * LOW HITPOINT WARNING * * *
Unknown command.
Aiming: Sandblast (safe; 2% risk of failure)
Press: ? - help, Q - select action, (/) - cycle Shift-Dir - straight line, f/p - orc
Aim: an orc, wielding a staff of air and wearing a +0 chain mail of cold resistance (87% to hit)
The blast of sand hits the orc but does no damage.
The orc completely misses you.
Aiming: Sandblast (safe; 2% risk of failure)
Press: ? - help, Q - select action, (/) - cycle Shift-Dir - straight line, f/p - orc
Aim: an orc, wielding a staff of air and wearing a +0 chain mail of cold resistance (87% to hit)
The blast of sand hits the orc!
You kill the orc!
The orc priest hits you but does no damage.
The orc priest looks encouraged for a moment.
The orc barely misses you. The orc priest hits you with a +0 whip.
* * * LOW HITPOINT WARNING * * *
Okay, then.
Aiming: Sandblast (safe; 2% risk of failure)
Press: ? - help, Q - select action, (/) - cycle Shift-Dir - straight line, f - orc priest
Aim: an orc priest, wielding a +0 whip (82% to hit)
The blast of sand hits the orc priest!
You kill the orc priest!
The orc priest looks braver for a moment.
The orc closely misses you.
You have reached level 7!
Aiming: Sandblast (safe; 2% risk of failure)
Press: ? - help, Q - select action, (/) - cycle Shift-Dir - straight line, f - orc priest
Aim: an orc priest, wielding a +0 flail (82% to hit)
The blast of sand misses the orc priest.
The orc priest hits you with a +0 flail.
* * * LOW HITPOINT WARNING * * *
The orc priest hits you with a +0 flail.
* * * LOW HITPOINT WARNING * * *
The orc hits you with a +3 heavy mace!
You die...

... # .... ... #######
... ... ....... ##.## #.#
..##### #...# #.# ......
#...###.#
##########...##..#
..........[......##
.##.#........##)@.##
..##########...oo..####..
.## +.....)....... ##
#..##...###### #
#..##.#..# . #..##..#.# .
#..##....# . #..####### #
#..#


You could see an orc priest and an orc.

Vanquished Creatures
  Menkaure (D:4)
  3 orc priests (D:4)
  An orc wizard (D:4)
  4 adders
  2 worms
  4 dart slugs
  5 orcs
  11 bats
  10 endoplasms
  6 giant cockroaches
  4 goblins
  9 hobgoblins
  2 jackals (D:2)
  9 kobolds
  A quokka (D:1)
  5 ball pythons
  6 frilled lizards
  5 rats
88 creatures vanquished.

Notes
Turn   | Place    | Note
-------+----------+-------------------------------------------
     0 | D:1      | horus123 the Human Earth Elementalist began the quest for
                  | the Orb.
     0 | D:1      | Reached XP level 1. HP: 13/13 MP: 3/3
   196 | D:1      | Reached XP level 2. HP: 19/19 MP: 0/5
   569 | D:1      | Reached XP level 3. HP: 24/24 MP: 4/7
  1238 | D:2      | Reached XP level 4. HP: 30/30 MP: 6/8
  1299 | D:2      | Reached skill level 4 in Earth Magic
  1304 | D:2      | Learned a level 3 spell: Stone Arrow
  1905 | D:2      | Learned a level 4 spell: Petrify
  2331 | D:3      | Reached XP level 5. HP: 35/35 MP: 7/9
  2406 | D:3      | Reached skill level 5 in Earth Magic
  2538 | D:3      | Found a faded altar of an unknown god.
  3282 | D:4      | Found a glowing silver altar of Zin.
  3282 | D:4      | Noticed an angel
  3335 | D:4      | Reached XP level 6. HP: 41/41 MP: 2/10
  3432 | D:4      | Noticed Menkaure
  3436 | D:4      | Killed Menkaure
  3472 | D:4      | Reached XP level 7. HP: 7/46 MP: 1/11
  3472 | D:4      | HP: 2/46 [orc priest/+0 flail (3)]
  3472 | D:4      | Mangled by an orc

Illustrated notes

Levels and vault maps discovered:
D:1:      dpeg_arrival_snail, layout_basic
D:2:      layout_basic
D:3:      layout_loops_cross, dreamdust_ecumenical_altar_statues,
          minmay_distorted
D:4:      layout_cave_pools, zin_angel, serial_library,
          serial_library_hellmonk_room_a, serial_library_hellmonk_semicircle,
          serial_library_hellmonk_hallway_b,
          serial_library_hellmonk_statue_hall,
          serial_library_hellmonk_double_dead_end,
          serial_library_hellmonk_narrow_alcove,
          serial_library_hellmonk_layered_room,
          serial_library_regret_index_small_wings,
          serial_library_hellmonk_small_corner,
          serial_library_regret_index_headful, uniq_menkaure

Skill      XL: |  1  2  3  4  5  6 |
---------------+-------------------+-----
Spellcasting   | 3 |  3.0
Earth Magic    | 4 5 |  5.0
Transmutations | 2 4 |  4.7
Dodging        | |  2.0
Stealth        | |  2.0

Action                     |  1- 3 |  4- 6 |  7- 9 || total
---------------------------+-------+-------+-------++-------
  Melee: Staff             |     6 |       |       ||     6
         Dagger            |       |     3 |       ||     3
   Cast: Sandblast         |    43 |    88 |     1 ||   132
    Use: Scroll            |       |     1 |       ||     1
 Armour: Robe              |    10 |    23 |     3 ||    36
  Dodge: Dodged            |    16 |    18 |       ||    34

Table legend: (Time is in decaauts)
 A = Elapsed time spent in this place.
 B = Non-inter-level travel time spent in this place.
 C = Inter-level travel time spent in this place.
 D = Time resting spent in this place.
 E = Time spent auto-exploring this place.
 F = Levels seen in this place.
 G = Mean time per level.
                   A        B        C        D        E       F      G
               +--------+--------+--------+--------+--------+-----+--------+
         Total |   3535 |   3401 |    134 |     60 |   2807 |   4 |  883.8 |
       Dungeon |   3535 |   3401 |    134 |     60 |   2807 |   4 |  883.8 |
               +--------+--------+--------+--------+--------+-----+--------+

Top non-repeatable levels by time:
     D:1: 1169 daAuts
     D:2: 1146 daAuts
     D:3: 973 daAuts
     D:4: 245 daAuts
